 Dungeon Crawl Stone Soup version 0.31-a0-1300-gb6740aa4e6 (webtiles) character file.

Game seed: 3675717326958134619

6419 grandjackal the Fighter (level 10, 0/95 HPs)
             Began as a Ghoul Monk on Dec 19, 2023.
             Was a Priest of Kikubaaqudgha.
             Slain by an orc warrior
             ... wielding a +0 mace
              (8 damage)
             ... on level 8 of the Dungeon.
             The game lasted 00:08:03 (7208 turns).

grandjackal the Fighter (Ghoul Monk)                Turns: 7208, Time: 00:08:03

Health: 0/95       AC: 12    Str: 16    XL:     10   Next: 98%
Magic:  10/10      EV: 11    Int: 13    God:    Kikubaaqudgha [***...]
Gold:   487        SH:  0    Dex: 11    Spells: 1/9 levels left

rFire   + .          .
                       - Unarmed
rCold   + + .        c - orb {light}
rNeg    + + +        G - +1 ring mail {Will+}
rPois   ∞            l - +1 helmet
rElec   .            u - scarf {rC+ rF+}
rCorr   .            (no gloves)
SInv    .            v - +2 pair of boots
Will    +....        k - amulet of the acrobat Stlth
                     (no ring)
HPRegen 0.00/turn    (no ring)
MPRegen 0.12/turn

%: acrobat
@: inhibited regen, glowing
A: claws 1, cold resistance 1, negative energy resistance 3, inhibited
regeneration, torment resistance 2, devour on kill
a: Renounce Religion, Unearth Wretches


You were on level 8 of the Dungeon.
You worshipped Kikubaaqudgha.
Kikubaaqudgha was most pleased with you.
You visited 2 branches of the dungeon, and saw 9 of its levels.

You collected 559 gold pieces.
You spent 72 gold pieces at shops.

Inventory:

Armour
 c - an orb of light (worn)
 l - a +1 helmet (worn)
 u - a scarf of resistance (worn)
 v - a +2 pair of boots (worn)
 G - a +1 ring mail of willpower (worn)
Jewellery
 k - an amulet of the acrobat (around neck)
 m - an amulet of reflection
 n - a ring of fire
Wands
 a - a wand of roots (10)
 e - a wand of quicksilver (9)
 h - a wand of mindburst (4)
 i - a wand of digging (6)
 H - a wand of paralysis (10)
Scrolls
 b - a scroll of enchant weapon {unknown}
 f - a scroll of blinking
 r - 7 scrolls of teleportation
 s - 2 scrolls of poison {unknown}
 t - a scroll of fog
 w - a scroll of fear {unknown}
 y - 2 scrolls of revelation
 A - a scroll of silence {unknown}
 B - a scroll of torment {unknown}
 D - a scroll of noise {unknown}
 E - a scroll of immolation {unknown}
 F - a scroll of amnesia {unknown}
Potions
 d - a potion of mutation {unknown}
 g - 3 potions of lignification
 j - 2 potions of berserk rage {unknown}
 o - a potion of invisibility {unknown}
 p - 5 potions of curing
 q - 3 potions of brilliance {unknown}
 x - 2 potions of magic {unknown}
 z - a potion of might {unknown}
 C - 2 potions of heal wounds {unknown}


   Skills:
 + Level 11.1 Fighting
 - Level 3.3 Armour
 - Level 3.0 Dodging
 + Level 10.9 Unarmed Combat
 + Level 8.0 Necromancy


You had one spell level left.
You knew the following spells:

 Your Spells              Type           Power      Damage    Failure   Level
a - Animate Dead          Necr           20%        N/A       22%         4
b - Dispel Undead         Necr           20%        3d11      22%         4

Your spell library contained the following spells:

 Spells                   Type           Power      Damage    Failure   Level
 Necrotise                Necr           80%        1d8       2%          1
 Kiss of Death            Conj/Necr      40%        2d8       11%         1
 Sting                    Tmut/Pois      0%         1d3       50%         1
 Summon Small Mammal      Summ           0%         N/A       50%         1
 Cigotuvi's Dreadful Rot  Necr/Pois/Air  12%        N/A       28%         2
 Agony                    Necr           20%        N/A       52%         5
 Poisonous Vapours        Pois/Air       0%         N/A       65%         2
 Call Canine Familiar     Summ           0%         N/A       86%         3
 Ignite Poison            Fire/Tmut/Pois 0%         N/A       86%         3
 Inner Flame              Hex/Fire       0%         N/A       86%         3
 Summon Guardian Golem    Hex/Summ       0%         N/A       86%         3
 Death Channel            Necr           10%        N/A       97%         6
 Olgreb's Toxic Radiance  Pois           0%         N/A       99%         4
 Sticky Flame             Conj/Fire      0%         2d3       99%         4
 Yara's Violent Unravell  Hex/Tmut       0%         3d3       100%        5
 Simulacrum               Ice/Necr       5%         N/A       100%        6
 Enfeeble                 Hex            0%         N/A       100%        7
 Ignition                 Fire           0%         3d3       100%        8


Dungeon Overview and Level Annotations

Branches:
Dungeon (8/15)             Temple (1/1) D:5
   Lair: D:8-11

Altars:
Cheibriados
Gozag
Hepliaklqana
Kikubaaqudgha
Nemelex Xobeh
Qazlal
Ru
Sif Muna
Trog
Uskayaw
Vehumet
Wu Jian
Xom

Shops:
D:2 ?*(*[   D:5 *

Annotations:
D:4 2 runed translucent doors, MysticSailboat's ghost, amateur GnAr
D:5 2 transporters, Curundu's ghost, amateur MiBe
D:8 3 runed translucent doors, jestert79's ghost, novice GrEE


Innate Abilities, Weirdness & Mutations

You are immune to poison.
You have sharp fingernails.
Your flesh is cold resistant. (rC+)
You are immune to negative energy. (rN+++)
You do not regenerate when monsters are visible.
You are immune to unholy pain and torment.
You thrive by killing the living.


Message History

The two-headed ogre is moderately wounded.
The two-headed ogre closely misses you. The two-headed ogre barely misses you.
You claw the two-headed ogre!
The two-headed ogre is heavily wounded.
You scratch the two-headed ogre.
The two-headed ogre is heavily wounded.
The two-headed ogre hits you with a +0 giant club! x2
You scratch the two-headed ogre.
The two-headed ogre is severely wounded.
You scratch the two-headed ogre but do no damage.
The two-headed ogre is severely wounded.
The two-headed ogre misses you. x2
You claw the two-headed ogre!
The two-headed ogre is almost dead.
You scratch the two-headed ogre.
The two-headed ogre is almost dead.
The two-headed ogre barely misses you.
The two-headed ogre hits you with a +0 giant club!!
* * * LOW HITPOINT WARNING * * *
You scratch the two-headed ogre.
You kill the two-headed ogre!
Kikubaaqudgha accepts your kill.
You feel better.
Your Fighting skill increases to level 11!
Your Necromancy skill increases to level 8!
You claw the orc warrior!
The orc warrior is heavily wounded.
You claw the orc warrior!
The orc warrior is almost dead.
The orc warrior hits you with a +0 mace.
* * * LOW HITPOINT WARNING * * *
You scratch the orc warrior but do no damage.
The orc warrior is almost dead.
The orc warrior hits you with a +0 mace!
* * * LOW HITPOINT WARNING * * *
You scratch the orc warrior but do no damage.
The orc warrior is almost dead.
The orc warrior hits you with a +0 mace!
You die...
Kikubaaqudgha rasps: "You have failed me!
Welcome... oblivion!"

#...##.#
#.##...###
##...... #...#..
.#..#...####......
#..##.#
##.####...###.....
...#.. #..#
###......... ...#
##.## ..##.####...
##.# #..# ⌠..#..#
### ##.## .. ##.##
#...#.# #..#
###@o.####.##
.###...#..#
...###...##
#...###.# #...#.#
#...# ##.##......#
#..#.......# .
##.##.......#


You could see an orc warrior.

Vanquished Creatures
  A two-headed ogre (D:8)
  Pikel (D:5)
  Maurice (D:7)
  Maggie (D:7)
  A hornet (D:8)
  Prince Ribbit (D:5)
  Sigmund (D:3)
  A wyvern (D:8)
  4 hogs (D:8)
  A human (D:8)
  4 yaks (D:8)
  5 water moccasins
  An orc warrior (D:8)
  An ice beast (D:6)
  Pargi (D:3)
  A black bear (D:5)
  A centaur (D:7)
  2 lemures (D:5)
  A kobold brigand (D:8)
  A phantom (D:7)
  A gnoll sergeant (D:6)
  2 scorpions
  2 bullfrogs
  8 wights (D:7)
  6 killer bees (D:8)
  3 howler monkeys (D:7)
  3 hounds
  A gnoll bouda (D:4)
  2 orc priests
  A sleepcap (D:6)
  An iguana (D:7)
  3 orc wizards
  Ijyb (D:3)
  8 gnolls
  8 adders
  2 shadow imps (D:5)
  A white imp (D:6)
  2 ufetubi
  5 worms
  2 dart slugs
  15 orcs
  4 endoplasms
  3 giant cockroaches
  3 goblins
  8 hobgoblins
  4 jackals
  4 quokkas
  8 ball pythons
  7 bats
  A frilled lizard (D:2)
  6 kobolds
  5 rats
161 creatures vanquished.

Notes
Turn   | Place    | Note
-------+----------+-------------------------------------------
     0 | D:1      | grandjackal the Ghoul Monk began the quest for the Orb.
     0 | D:1      | Reached XP level 1. HP: 19/19 MP: 1/1
   134 | D:1      | Reached XP level 2. HP: 25/26 MP: 2/2
   441 | D:1      | Reached XP level 3. HP: 18/33 MP: 3/3
   760 | D:2      | Found Esesacao's Antique Weapon Shoppe.
   798 | D:2      | Found Niteoqusm's Assorted Antiques.
   807 | D:2      | Bought a lumpy dark potion for 20 gold pieces
   831 | D:2      | Reached skill level 4 in Fighting
  1098 | D:2      | Reached XP level 4. HP: 29/40 MP: 4/4
  1146 | D:2      | Found a faded altar of an unknown god.
  1258 | D:2      | Found Jirphuna's Magic Scroll Shoppe.
  1261 | D:2      | Bought a scroll of fog for 52 gold pieces
  1364 | D:2      | Found Ryzxes's Assorted Antiques.
  1394 | D:2      | Found Oxites's Armour Boutique.
  1750 | D:3      | Reached XP level 5. HP: 44/47 MP: 5/5
  1818 | D:3      | Noticed Sigmund
  1826 | D:3      | Killed Sigmund
  1827 | D:3      | Reached skill level 5 in Fighting
  1827 | D:3      | Reached skill level 1 in Armour
  1827 | D:3      | Reached skill level 5 in Unarmed Combat
  1827 | D:3      | Reached XP level 6. HP: 52/56 MP: 6/6
  1952 | D:3      | Noticed Pargi
  1961 | D:3      | Killed Pargi
  2174 | D:3      | Noticed Ijyb
  2183 | D:3      | Killed Ijyb
  2474 | D:4      | Reached XP level 7. HP: 58/62 MP: 7/7
  2540 | D:4      | Reached skill level 6 in Fighting
  2920 | D:4      | Found a runed translucent door.
  2946 | D:4      | Found a runed translucent door.
  2975 | D:4      | Noticed MysticSailboat's ghost (amateur GnAr)
  3049 | D:5      | Entered Level 5 of the Dungeon
  3091 | D:5      | Found Gegoch's Neck Hole.
  3209 | D:5      | Found a staircase to the Ecumenical Temple.
  3215 | Temple   | Entered the Ecumenical Temple
  3239 | Temple   | Became a worshipper of Kikubaaqudgha
  3239 | Temple   | Reached * piety under Kikubaaqudgha
  3239 | Temple   | Received a gift from Kikubaaqudgha
  3239 | Temple   | Reached ** piety under Kikubaaqudgha
  3256 | D:5      | Learned a level 4 spell: Animate Dead
  3418 | D:5      | Reached skill level 1 in Necromancy
  3418 | D:5      | Reached XP level 8. HP: 61/71 MP: 8/8
  3450 | D:5      | Noticed Prince Ribbit
  3466 | D:5      | Killed Prince Ribbit
  3467 | D:5      | Reached skill level 7 in Fighting
  3674 | D:5      | Found a transporter.
  3676 | D:5      | Found a transporter.
  3677 | D:5      | Noticed Curundu's ghost (amateur MiBe)
  3853 | D:5      | Noticed Pikel
  3875 | D:5      | Killed Pikel
  4294 | D:6      | Found an opulent altar of Gozag.
  4342 | D:6      | Found a sacrificial altar of Ru.
  4456 | D:6      | Reached skill level 8 in Fighting
  4686 | D:6      | Reached XP level 9. HP: 75/81 MP: 9/9
  5139 | D:6      | Found a stormy altar of Qazlal.
  5313 | D:7      | Reached skill level 5 in Necromancy
  5537 | D:7      | Noticed Maggie
  5560 | D:7      | Killed Maggie
  5561 | D:7      | Reached skill level 9 in Fighting
  5723 | D:8      | HP: 4/83 [orc warrior/+0 short sword (8)]
  5898 | D:7      | Noticed Maurice
  5911 | D:7      | Maurice stole a ring of fire
  5923 | D:7      | Maurice stole 401 gold
  5925 | D:7      | Killed Maurice
  5926 | D:7      | Reached XP level 10. HP: 56/91 MP: 5/10
  6430 | D:8      | Reached skill level 10 in Fighting
  6450 | D:8      | Reached *** piety under Kikubaaqudgha
  6450 | D:8      | Received a gift from Kikubaaqudgha
  6462 | D:8      | Learned a level 4 spell: Dispel Undead
  6576 | D:8      | Reached skill level 10 in Unarmed Combat
  6884 | D:8      | Identified the +8 war axe "Zorhanux" {venom, Str+4}
  6995 | D:8      | Found a runed translucent gate.
  6995 | D:8      | Found a runed translucent gate.
  6995 | D:8      | Found a runed translucent gate.
  6996 | D:8      | Noticed jestert79's ghost (novice GrEE)
  7194 | D:8      | Noticed a two-headed ogre
  7204 | D:8      | Killed a two-headed ogre
  7205 | D:8      | Reached skill level 11 in Fighting
  7208 | D:8      | Slain by an orc warrior

Illustrated notes

Levels and vault maps discovered:
D:1:      minmay_arrival_widening_spiral_wide, layout_loops_ring, nrook_campfire
D:2:      minmay_chambers_of_ones, layout_rooms, serial_shops,
          nicolae_shop_behind_doors, shop, nicolae_shop_stone,
          nicolae_shop_waterfront, nicolae_shop_overgrown_old_shop,
          chequers_ecumenical_altar_island
D:3:      layout_loops_ring, kennysheep_cross_room, bh_walls_and_bars,
          uniq_ijyb, uniq_pargi, uniq_sigmund
D:4:      layout_rooms, ebering_ghost_sewer_f
D:5:      layout_basic, minmay_temple_entry_waves, gammafunk_ghost_hive,
          minivault_5, nicolae_shop_sticking_my_neck_out, uniq_prince_ribbit1,
          uniq_pikel
D:6:      layout_loops_cross, mainiacjoe_overflow_swirl,
          mainiacjoe_overflow_alcove_1, nicolae_figureground_sparkle
D:7:      layout_rooms, small_statue_intersection, uniq_maurice, uniq_maggie
D:8:      minmay_skewed_foursquare, layout_cave_pods, gammafunk_ghost_ooze,
          grunt_livestock
Temple:   nicolae_temple_bog_church

Skill      XL: |  1  2  3  4  5  6  7  8  9 10 |
---------------+-------------------------------+-----
Dodging        | 3 |  3.0
Fighting       | 4 5 6 8 9 11 | 11.1
Unarmed Combat | 4 5 6 7 9 10 | 10.9
Armour         | 1 2 3 |  3.3
Necromancy     | 1 3 6 8 |  8.0

Action                     |  1- 3 |  4- 6 |  7- 9 | 10-12 || total
---------------------------+-------+-------+-------+-------++-------
  Melee: Unarmed           |   101 |   122 |   257 |   156 ||   636
  Evoke: Wand              |       |       |     4 |     1 ||     5
    Use: Scroll            |       |       |     8 |     1 ||     9
         Potion            |       |       |     1 |       ||     1
 Armour: Robe              |    42 |    23 |       |       ||    65
         Ring mail         |       |    39 |   198 |    95 ||   332
  Dodge: Dodged            |    70 |    68 |   198 |    94 ||   430

Table legend: (Time is in decaauts)
 A = Elapsed time spent in this place.
 B = Non-inter-level travel time spent in this place.
 C = Inter-level travel time spent in this place.
 D = Time resting spent in this place.
 E = Time spent auto-exploring this place.
 F = Levels seen in this place.
 G = Mean time per level.
                   A        B        C        D        E       F      G
               +--------+--------+--------+--------+--------+-----+--------+
         Total |   7129 |   6991 |    138 |   1269 |   4528 |   9 |  792.1 |
       Dungeon |   7094 |   6967 |    127 |   1269 |   4528 |   8 |  886.8 |
        Temple |     34 |     24 |     10 |      0 |      0 |   1 |   34.0 |
               +--------+--------+--------+--------+--------+-----+--------+

Top non-repeatable levels by time:
     D:5: 1054 daAuts
     D:8: 1033 daAuts
     D:6: 1012 daAuts
     D:7: 961 daAuts
     D:3: 849 daAuts
     D:2: 823 daAuts
     D:1: 721 daAuts
     D:4: 637 daAuts
  Temple: 34 daAuts
